AoeStats
← FIREFOXking_G

Arena

507729219Analyzed
4v4 RM · 13d ago on Sep 19, 2026· 42m 59s· 8 players
Game mode
Random Map
Map size
Large (8 player)
Population
200
Speed
Normal
Resources
Standard
Victory
Conquest
Starting age
Dark Age
Ending age
Imperial Age
RankedLock teamsTeams togetherTeam positionsShared explorationLock speedFull tech treeHidden civsTurbo modeCheats
Victory
Defeat
🇨🇳 Sicilians · China
1087
+15
🇨🇳 Cumans · China
1067
+16
🇨🇳 Japanese · China
1051
+17
🇹🇼 Celts · Taiwan
1026
+18
🇳🇱 Turks · Netherlands
1107
-18
🇷🇴 Franks · Romania
1073
-17
🇺🇸 Khmer · United States
1045
-16
🇨🇱 Teutons · Chile
1027
-15
73624617386501790
10:34 Feudal Age
11:19 Double-Bit Axe
11:26 Gold Mining
11:18 Horse Collar
12:17 Loom
12:32 Fletching
24:36 Castle Age
24:56 Scale Barding Armor
25:47 Bloodlines
25:41 Gold Mining
25:28 Capped Ram
27:22 Bow Saw
30:36 Wheelbarrow
32:00 Hand Cart
33:15 Stone Mining
39:31 Imperial Age
36:27 Light Cavalry
38:04 Bodkin Arrow
38:12 Padded Archer Armor
38:39 Ballistics
39:36 Chain Barding Armor
39:29 Steppe Husbandry
40:09 Steppe Husbandry
41:20 Chemistry
40:30 Steppe Husbandry
40:50 Conscription
40:16 Hussar
41:34 Plate Barding Armor
41:10 Forging
43:59 Iron Casting
爺爺使把勁
11:05 Feudal Age
15:35 Castle Age
14:07 Double-Bit Axe
14:05 Horse Collar
16:17 Heavy Plow
20:28 Bow Saw
20:39 Bow Saw
23:31 Wheelbarrow
24:34 Stone Mining
25:41 Gold Mining
26:27 Stone Shaft Mining
26:56 Loom
28:39 Gold Shaft Mining
31:09 Imperial Age
29:24 Hand Cart
29:31 Treadmill Crane
30:49 Fletching
32:10 Heavy Scorpion
32:53 Town Watch
33:07 Bodkin Arrow
34:45 Town Patrol
35:09 Furor Celtica
35:02 Murder Holes
36:43 Pikeman
40:06 Capped Ram
40:59 Siege Ram
42:04 Gambesons
41:40 Halberdier
42:31 Siege Engineers
42:47 Ballistics
43:28 Chemistry
42:19 Heated Shot
43:19 Forging
43:10 Scale Mail Armor
爱坚果
11:33 Feudal Age
12:20 Double-Bit Axe
12:18 Horse Collar
17:09 Castle Age
15:04 Stone Mining
16:57 Gold Mining
18:11 Bow Saw
18:41 Heavy Plow
21:03 Loom
23:32 Wheelbarrow
25:54 Hand Cart
29:39 Imperial Age
28:02 Gold Shaft Mining
27:43 Town Watch
27:22 Pikeman
28:02 Squires
27:48 Arson
28:41 Scale Mail Armor
28:52 Forging
29:23 Ballistics
29:51 Chain Mail Armor
30:58 Iron Casting
30:14 Fletching
30:12 Halberdier
31:14 Conscription
32:44 Two-Man Saw
31:37 Gambesons
31:13 Man-at-Arms
32:11 Siege Engineers
32:40 Plate Mail Armor
33:53 Blast Furnace
34:42 Chemistry
34:41 Bodkin Arrow
34:22 Long Swordsman
35:52 Yasama
35:47 Arrowslits
35:52 Guard Tower
35:42 Two-Handed Swordsman
37:51 Fortified Wall
37:36 Champion
42:00 Keep
41:49 Kataparuto
所以狼
11:12 Feudal Age
15:04 Castle Age
13:13 Double-Bit Axe
14:18 Horse Collar
14:54 Forging
23:40 Scale Mail Armor
24:10 Fletching
39:12 Wheelbarrow
38:23 Loom
38:24 Town Watch
39:28 Heavy Plow
39:44 Bow Saw
39:53 Gold Mining
39:54 Stone Mining
43:49 Imperial Age
42:50 Scale Barding Armor
43:21 Iron Casting
Violet storm
5:43 Loom
8:52 Feudal Age
9:42 Horse Collar
10:00 Double-Bit Axe
13:24 Wheelbarrow
16:56 Castle Age
17:31 Bloodlines
17:40 Husbandry
17:50 Bloodlines
17:59 Light Cavalry
18:56 Forging
22:15 Scale Barding Armor
23:24 Bow Saw
24:44 Hand Cart
25:47 Fervor
25:47 Gold Mining
27:02 Redemption
27:20 Chain Barding Armor
30:24 Iron Casting
30:10 Heavy Plow
35:14 Imperial Age
33:22 Town Watch
33:36 Fletching
34:59 Bodkin Arrow
35:01 Elite Skirmisher
36:06 Bracer
36:09 Padded Archer Armor
36:58 Parthian Tactics
39:08 Leather Archer Armor
39:39 Plate Barding Armor
39:53 Elite Battle Elephant
KingR
10:27 Feudal Age
14:12 Castle Age
12:35 Double-Bit Axe
14:59 Wheelbarrow
16:10 Bow Saw
17:07 Loom
18:26 Town Watch
19:01 Hand Cart
20:13 Scale Barding Armor
26:14 Gold Mining
29:33 Chain Barding Armor
31:07 Gold Shaft Mining
37:02 Imperial Age
34:55 Padded Archer Armor
34:45 Fletching
35:07 Town Patrol
35:10 Stone Mining
39:15 Ballistics
42:46 Imperial Age
39:53 Crossbowman
FIREFOXking_G
5:21 Loom
12:53 Feudal Age
17:17 Castle Age
15:16 Double-Bit Axe
15:50 Fletching
19:19 Bow Saw
20:48 Horse Collar
23:30 Wheelbarrow
24:50 Scale Barding Armor
26:31 Chain Barding Armor
26:50 Bloodlines
26:41 Husbandry
26:58 Forging
35:45 Imperial Age
34:41 Iron Casting
37:13 Plate Barding Armor
37:47 Hand Cart
38:41 Blast Furnace
38:53 Heavy Camel Rider
40:27 Murder Holes
40:53 Bombard Tower
40:31 Murder Holes
UnTalPeluca
13:26 Feudal Age
13:47 Horse Collar
14:35 Man-at-Arms
17:27 Scale Mail Armor
21:27 Castle Age
21:49 Forging
21:30 Double-Bit Axe
21:41 Arson
21:35 Long Swordsman
22:17 Squires
22:34 Chain Mail Armor
23:19 Bow Saw
28:27 Iron Casting
40:08 Imperial Age
37:44 Fletching
41:51 Blast Furnace
41:21 Plate Mail Armor
41:51 Blast Furnace
41:21 Plate Mail Armor
40:16 Two-Handed Swordsman
40:43 Gambesons
40:21 Capped Ram
42:28 Ironclad
Connection lost

Rejoining the realm…

Still unreachable

The connection could not be restored.

Session expired

The server has moved on; the page needs a fresh start.